 Dungeon Crawl Stone Soup version 0.20-a0-1114-g33edf32 (webtiles) character file.

1376 grindst0ne the Fighter (level 8, -5/75 HPs)
             Began as a Grey Draconian Berserker on May 6, 2017.
             Was an Elder of Trog.
             Killed by divine providence
             ... invoked by an orc priest
              (19 damage)
             ... on level 6 of the Dungeon.
             The game lasted 00:14:41 (6296 turns).

grindst0ne the Fighter (Grey Draconian Berserker)   Turns: 6296, Time: 00:14:42

Health: -5/75      AC: 11    Str: 20    XL:     8   Next: 39%
Magic:  8/8        EV: 13    Int:  8    God:    Trog [****..]
Gold:   195        SH:  0    Dex: 12    Spells: 7/7 levels left

rFire    + + .     SeeInvis .   B - +1 flail (protect)
rCold    . . .     Gourm    .   (no shield)
rNeg     . . .     Faith    .   (armour unavailable)
rPois    .         Spirit   .   (helmet restricted)
rElec    .         Reflect  .   (no cloak)
rCorr    .         Harm     +   (no gloves)
MR       .....                  (no boots)
Stlth    +.........             e - amulet of harm
Regen    0.3/turn               r - ring of protection from fire
MPRegen  0.2/turn               x - ring of protection from fire

@: no status effects
A: walk through water, unfitting armour, unbreathing, cold-blooded, AC +11
a: Berserk, Trog's Hand, Brothers in Arms, Burn Spellbooks, Renounce Religion


You were on level 6 of the Dungeon.
You worshipped Trog.
Trog was greatly pleased with you.
You were not hungry.

You visited 1 branch of the dungeon, and saw 6 of its levels.

You collected 195 gold pieces.

Inventory:

Hand Weapons
 a - a +0 mace
 u - a +0 whip
 y - a +0 flail
 B - a +1 flail of protection (weapon)
Jewellery
 e - an amulet of harm (around neck)
 r - a ring of protection from fire (left hand)
 x - a ring of protection from fire (right hand)
Wands
 p - a wand of iceblast (7/15)
 w - a wand of lightning (8/15)
Scrolls
 f - a scroll of identify
 g - 4 scrolls of noise
 l - a scroll of teleportation
 n - a scroll of recharging
 q - a scroll of blinking
 t - 2 scrolls of random uselessness
Potions
 c - a potion of degeneration
 d - 3 potions of lignification
 k - 3 potions of curing
 o - a potion of brilliance
 v - a potion of haste {unknown}
 z - 2 potions of magic {unknown}
Books
 m - a book of Necromancy

   Spells                             Type                      Level
   a - Pain                           Necromancy                   1
   b - Animate Skeleton               Necromancy                   1
   c - Vampiric Draining              Necromancy                   3
   d - Regeneration                   Charms/Necromancy            3
   e - Animate Dead                   Necromancy                   4
   f - Control Undead                 Necromancy                   4
   Trog disapproves of the use of such an item.
Comestibles
 b - 3 bread rations
 j - a royal jelly
 s - 4 fruits
 D - a meat ration


   Skills:
 + Level 8.7 Fighting
 + Level 7.9 Maces & Flails
 - Level 2.6 Dodging


You had 7 spell levels left.
You didn't know any spells.

Dungeon Overview and Level Annotations

Branches:
Dungeon (6/15)             Temple (0/1) D:5

Altars:
Okawaru

Shops:
D:4 (


Innate Abilities, Weirdness & Mutations

You can walk through water.
Your dull iron-grey scales are very hard. (AC +11)
You cannot fit into any form of body armour.
You can survive without breathing.
You are cold-blooded and may be slowed by cold attacks.


Message History

Beogh smites you! The orc hits you but does no damage.
You hit the orc priest.
Your weapon exudes an aura of protection.
The orc priest is lightly wounded.
The orc warrior hits you but does no damage.
The orc priest misses you. The orc hits you but does no damage. x2
The orc priest calls down the wrath of Beogh upon you.
Beogh smites you!
* * * LOW HITPOINT WARNING * * *
You feel much better. The orc priest barely misses you.
The orc priest calls down the wrath of Beogh upon you.
Beogh smites you! The orc misses you. The orc warrior barely misses you.
The orc priest mumbles some strange prayers to Beogh against you.
Beogh smites you!
* * * LOW HITPOINT WARNING * * *
The orc hits you but does no damage.
The orc priest mumbles some strange prayers to Beogh against you.
Beogh smites you!
You die...

#.#.# #.#.#
######.#.######
#.............#
##..(...o......#
#..............#
#........o.....##
#.......oo.@....#
#........o......#
#......$........#
#.............$.#
##.........†....#
#....(....####....
########### .### .
#


You could see an orc warrior, 2 orc priests and 2 orcs.

Vanquished Creatures
  The ghost of George the Carver, a novice MiFi of Makhleb (D:5)
  A sky beast (D:5)
  A phantom (D:5)
  A bullfrog (D:4)
  3 scorpions
  A howler monkey (D:6)
  A crimson imp (D:3)
  An orc priest (D:3)
  2 bullfrog skeletons
  2 orc wizards (D:4)
  3 iguanas
  5 worker ants
  15 adders
  2 oozes
  2 adder skeletons
  5 worms
  3 dart slugs (D:1)
  5 leopard geckos
  11 orcs
  11 bats
  7 goblins
  4 hobgoblins
  4 jackals
  3 quokkas
  3 ball pythons
  10 frilled lizards
  8 kobolds
  A leopard gecko skeleton (D:5)
  6 rats
122 creatures vanquished.

Notes
Turn   | Place    | Note
-------+----------+-------------------------------------------
     0 | D:1      | grindst0ne the Draconian Berserker began the quest for the Orb.
     0 | D:1      | Reached XP level 1. HP: 19/19 MP: 1/1
   311 | D:1      | Reached XP level 2. HP: 20/26 MP: 2/2
   881 | D:1      | Reached skill level 4 in Fighting
  1186 | D:2      | Reached XP level 3. HP: 22/33 MP: 3/3
  1369 | D:2      | Found an iron altar of Okawaru.
  1456 | D:2      | Reached ** piety under Trog
  1585 | D:2      | Reached XP level 4. HP: 22/41 MP: 4/4
  2268 | D:3      | Found a faded altar of an unknown god.
  2427 | D:3      | Reached skill level 5 in Fighting
  2427 | D:3      | Reached XP level 5. HP: 16/48 MP: 5/5
  3146 | D:3      | Reached skill level 5 in Maces & Flails
  3824 | D:3      | Reached XP level 6. HP: 57/57 MP: 6/6
  3924 | D:3      | Reached *** piety under Trog
  4139 | D:3      | Reached skill level 6 in Fighting
  4586 | D:4      | Your scales start taking on a dull iron-grey colour.
  4586 | D:4      | Reached XP level 7. HP: 47/64 MP: 7/7
  4586 | D:4      | Gained mutation: You can survive without breathing. [Grey Draconian growth]
  4872 | D:4      | Reached skill level 7 in Fighting
  4968 | D:4      | Found Oliyrch's Antique Weapon Shop.
  5072 | D:5      | Entered Level 5 of the Dungeon
  5464 | D:5      | Noticed George's ghost (novice MiFi)
  5495 | D:5      | Killed George's ghost
  5495 | D:5      | Reached skill level 8 in Fighting
  5495 | D:5      | Reached XP level 8. HP: 26/75 MP: 8/8
  5833 | D:5      | Found a staircase to the Ecumenical Temple.
  6279 | D:6      | Reached **** piety under Trog
  6296 | D:6      | Killed from afar by an orc priest

Vault maps used:
D:1:      lightli_arrival_windingriver
D:2:      okawaru_metal_pillars_1_2, first_bread, grunt_ministairs_15
D:3:      chequers_ecumenical_altar_simple
D:4:      serial_shops, shop, grunt_ministairs_1, kennysheep_generic_room_7
D:5:      minmay_temple_entry_mist, kennysheep_generic_room_11
D:6:      lemuel_doored_altar, overflow_temple_1_default

Skill      XL: |  1  2  3  4  5  6  7 |
---------------+----------------------+-----
Fighting       | 4 5 6 8 |  8.7
Maces & Flails | 4 5 6 7 |  7.9
Dodging        | |  2.6

Action                   |  1- 3 |  4- 6 |  7- 9 || total
-------------------------+-------+-------+-------++-------
Melee: Mace              |    99 |   235 |       ||   334
       Tailslap          |    17 |    42 |    26 ||    85
       Flail             |       |    31 |   130 ||   161
  Use: Scroll            |       |       |    15 ||    15
       Potion            |       |       |     1 ||     1
 Stab: Sleeping          |     1 |     1 |     1 ||     3
  Eat: Chunk             |     2 |    10 |     6 ||    18
Armor: Skin              |    33 |    82 |    46 ||   161
Dodge: Dodged            |    89 |   201 |    70 ||   360
